 Dungeon Crawl Stone Soup version 0.30.1 (webtiles) character file.

Game seed: 3596339535160185820

24 Arctor the Insei (level 3, -1/23 HPs)
             Began as an Octopode Transmuter on July 13, 2023.
             Shot with a sling bullet by a goblin (6 damage)
             ... on level 2 of the Dungeon.
             The game lasted 00:01:14 (953 turns).

Arctor the Insei (Octopode Transmuter)               Turns: 953, Time: 00:01:15

Health: -1/23      AC:  1    Str:  9    XL:     3   Next: 2%
Magic:  5/6        EV: 13    Int: 17    God:
Gold:   46         SH:  0    Dex: 12    Spells: 5/6 levels left

rFire   . .          .
                       - Unarmed
rCold   . . .        (no shield)
rNeg    . . .        (helmet currently unavailable)
rPois   .            (no amulet)
rElec   .            (no ring)
rCorr   .            (no ring)
SInv    .            (no ring)
Will    .....        (no ring)
Stlth   ++           (no ring)
HPRegen 0.23/turn    (no ring)
MPRegen 0.10/turn    (no ring)
                     (no ring)

%: no passive effects
@: appendages
A: tentacle spike 3, almost no armour, amphibious, 8 rings, camouflage 1,
gelatinous body 1, (nimble swimmer 1), tentacles
a: End Transformation


You were on level 2 of the Dungeon.
One of your tentacles had grown a beastly spike.
You visited 1 branch of the dungeon, and saw 2 of its levels.

You collected 46 gold pieces.

Inventory:

Jewellery
 i - a ring of protection from fire
Scrolls
 c - a scroll of blinking {unknown}
 d - a scroll of teleportation {unknown}
 f - 2 scrolls of vulnerability {unknown}
 g - a scroll of poison {unknown}
 j - a scroll of silence {unknown}
 k - a scroll of enchant armour {unknown}
 l - 2 scrolls of acquirement {unknown}
 m - a scroll of identify {unknown}
Potions
 a - a potion of lignification
 b - a potion of resistance {unknown}
 e - a potion of heal wounds {unknown}
 h - a potion of might {unknown}
 n - a potion of brilliance {unknown}


   Skills:
 + Level 1.4 Fighting
 + Level 2.3 Dodging
 + Level 3.2 Unarmed Combat
 + Level 2.2 Spellcasting
 + Level 2.3 Transmutations


You had 5 spell levels left.
You knew the following spells:

 Your Spells              Type           Power      Damage    Failure   Level
a - Beastly Appendage     Tmut           18%        N/A       8%          1

Your spell library contained the following spells:

 Spells                   Type           Power      Damage    Failure   Level
 Wereblood                Tmut           9%         N/A       11%         2
 Spider Form              Tmut/Pois      5%         N/A       34%         3
 Ice Form                 Ice/Tmut       5%         N/A       75%         4


Dungeon Overview and Level Annotations

Branches:
Dungeon (2/15)

Altars:


Innate Abilities, Weirdness & Mutations

One of your tentacles has grown a beastly spike.
You cannot wear most types of armour.
You are amphibious.
You can wear up to eight rings at the same time.
Your skin changes colour to match your surroundings (Stealth+).
Your rubbery body absorbs attacks. (AC +1, EV +1)
((You are camouflaged when in or above water. (Stealth+)))
You have tentacles for arms and can constrict up to eight enemies at once.


Message History

The giant cockroach closely misses you.
You closely miss the giant cockroach.
The frilled lizard hisses angrily.
Your grab misses the giant cockroach. The giant cockroach bites you.
You tentacle-slap the giant cockroach but do no damage.
You grab the giant cockroach. You constrict the giant cockroach.
The giant cockroach closely misses you.
You tentacle-slap the giant cockroach.
The giant cockroach is severely wounded.
You constrict the giant cockroach, but do no damage.
The giant cockroach bites you.
You tentacle-slap the giant cockroach but do no damage.
Your tentacle spike misses the giant cockroach.
Your squeeze misses the giant cockroach.
The giant cockroach is severely wounded.
Your tentacle spike disappears.
You constrict the giant cockroach, but do no damage.
The giant cockroach bites you but does no damage.
The giant cockroach bites you.
You barely miss the giant cockroach. You squeeze the giant cockroach.
You kill the giant cockroach!
The goblin shoots a sling bullet.
The sling bullet barely misses you.
You have reached level 3!
Your experience leads to an increase in your attributes!
Increase (S)trength, (I)ntelligence, or (D)exterity?
You feel clever. x2
Casting: Beastly Appendage (safe; 8% risk of failure)
Confirm with . or Enter, or press ? or * to list all spells.
One of your tentacles grows a vicious spike.
You miss the frilled lizard. You grab the frilled lizard.
Your tentacle spike misses the frilled lizard.
You constrict the frilled lizard.
You kill the frilled lizard!
The goblin shoots a sling bullet.
The sling bullet hits you.
* * * LOW HITPOINT WARNING * * *
The goblin shoots a sling bullet.
The sling bullet closely misses you.
The goblin shoots a sling bullet.
The sling bullet hits you.
* * * LOW HITPOINT WARNING * * *
The goblin shoots a sling bullet.
The sling bullet hits you.
You die...

# ##### ########...[....#
#..... # #...# #.####.#.#
#..... # #...#
########.####...####....B #
#...# #.................###g###
# #...# #....(........#.#.###.#
#
#...###.............#.....w$###
#
#...'..........(....#####.....#
#
#...###....†........#####..>..#
#...# #.......@...†w....$......
#...# #......######.g....?.....
###...# #......# #............
......# ######## #.......##...
.....## #.......# ... .....#
#.......# ... .....# #.......#
.. ....## #.......# . ....#
#.......#


You could see a worm and a goblin.

Vanquished Creatures
  A dart slug (D:2)
  2 endoplasms
  2 giant cockroaches
  A goblin (D:1)
  A hobgoblin (D:1)
  4 jackals (D:1)
  2 quokkas (D:2)
  2 ball pythons
  2 bats
  2 frilled lizards
  A rat (D:1)
20 creatures vanquished.

Notes
Turn   | Place    | Note
-------+----------+-------------------------------------------
     0 | D:1      | Arctor the Octopode Transmuter began the quest for the Orb.
     0 | D:1      | Reached XP level 1. HP: 13/13 MP: 3/3
   219 | D:1      | Reached XP level 2. HP: 5/18 MP: 3/5
   415 | D:1      | Found a faded altar of an unknown god.
   949 | D:2      | Reached XP level 3. HP: 8/23 MP: 6/6
   953 | D:2      | Shot with a sling bullet by a goblin

Illustrated notes

Levels and vault maps discovered:
D:1:      dpeg_arrival_three_smaller_balls, layout_rooms,
          basic_ecumenical_altar, kennysheep_boxes
D:2:      layout_basic

Action                     || total
---------------------------++-------
  Melee: Unarmed           ||    41
         Constrict         ||    13
         Kick              ||     9
         Tentacles         ||     6
         Punch             ||     1
   Cast: Beastly Appendage ||    27
   Stab: Sleeping          ||     4
 Armour: Skin              ||     5
  Dodge: Dodged            ||    33
